 Dungeon Crawl Stone Soup version 0.29-a0-356-g7bc237e783 (webtiles) character file.

Game seed: 12461856863264016266

3056 spaghetti the Thaumaturge (level 10, -8/54 HPs)
             Began as a Djinni Fire Elementalist on Apr 25, 2022.
             Was a Priest of the Shining One.
             Mangled by a cyan ugly thing (12 damage)
             ... on level 7 of the Dungeon.
             The game lasted 00:12:35 (10412 turns).

spaghetti the Thaumaturge (DjFE)                   Turns: 10412, Time: 00:12:35

Health: -8/54      AC:  5    Str:  7    XL:     10   Next: 11%
Gold:   404        EV: 12    Int: 27    God:    the Shining One [***...] SH:  0 Dex: 14

rFire   + + +      SeeInvis .   o - staff of fire {!astaff}
rCold   x . .      Faith    .   (no shield)
rNeg    + . .      Spirit   .   a - +0 robe
rPois   ∞          Reflect  .   (no helmet)
rElec   .          Harm     .   (no cloak)
rCorr   +          Rampage  .   Q - +2 pair of gloves
Will    +....                   (boots unavailable)
Stlth   +.........              X - amulet of regeneration {@e2}
HPRegen 0.98/turn               q - +6 ring of intelligence
MPRegen 0.00/turn               G - ring of resist corrosion

@: flying, glowing
A: sickness immunity, fire resistance 3, cold vulnerability 1, float, innate
caster, HP casting, extra vitality 1, frail 1
a: Renounce Religion, Divine Shield, Cleansing Flame


You were on level 7 of the Dungeon.
You worshipped the Shining One.
The Shining One was most pleased with you.
You visited 1 branch of the dungeon, and saw 8 of its levels.

You collected 404 gold pieces.


Innate Abilities, Weirdness & Mutations

You are immune to sickness and miasma.
You are immune to poison.
Your flesh is almost immune to the effects of heat. (rF+++)
You are vulnerable to cold. (rC-)
You float through the air rather than walking.
You learn spells naturally, not from books.
Your magical power is your life essence.
You have superior vitality. (+4 MHP)
You are frail. (-10% HP)


   Skills:
 - Level 2.1 Dodging
 - Level 1.5 Stealth
 + Level 10.7 Spellcasting


You had 7 spell levels left.
You knew the following spells:

 Your Spells              Type           Power      Damage    Failure   Level
a - Foxfire               Conj/Fire      100%       2x1d9     1%          1
b - Scorch                Fire           100%       2d10      1%          2
c - Conjure Flame         Conj/Fire      83%        6-21      1%          3
d - Inner Flame           Hex/Fire       83%        N/A       1%          3
e - Flame Wave            Conj/Fire      83%        2d14      1%          4
f - Pain                  Necr           100%       1d9       1%          1
g - Poisonous Vapours     Pois/Air       100%       N/A       1%          2
h - Dazzling Flash        Conj/Hex       100%       N/A       1%          3
i - Hailstorm             Conj/Ice       64%        3d14      1%          4
Your spell library was empty.

Inventory:

Hand Weapons
 b - a +1 war axe of freezing {axe}
   (You found it on level 5 of the Dungeon)
 c - a +1 falchion {long}
   (You took it off a wight on level 5 of the Dungeon)
 d - a +0 mace {mace}
   (You found it on level 1 of the Dungeon)
 e - a +0 club {mace}
   (You took it off a kobold on level 1 of the Dungeon)
 f - a +1 short sword of flaming {short}
   (You took it off a kobold brigand on level 6 of the Dungeon)
 l - a +0 dagger {short}
   (You took it off a kobold on level 2 of the Dungeon)
 m - a +0 rapier {short}
   (You found it on level 2 of the Dungeon)
 B - a +2 short sword of flaming {short}
   (You took it off an orc priest on level 4 of the Dungeon)
 E - a +0 trident of venom {polearm}
   (You took it off an orc on level 4 of the Dungeon)
 I - a +3 short sword {short}
   (You took it off a wight on level 5 of the Dungeon)
 J - a +0 vorpal mace {mace}
   (You took it off an orc on level 5 of the Dungeon)
 M - a +2 war axe of draining {forbiddenaxe}
   (You found it on level 6 of the Dungeon)
 O - a +2 flail of venom {mace}
   (You took it off an orc on level 6 of the Dungeon)
 R - a +2 short sword of freezing {short}
   (You took it off a kobold on level 7 of the Dungeon)
 T - a +1 spectral lajatang {staff}
   (You found it on level 7 of the Dungeon)
Missiles
 j - 3 javelins {throwing}
 p - 158 stones {throwing}
 z - 14 poisoned darts {throwing}
 C - 3 throwing nets {=f!fthrowing}
Armour
 a - a +0 robe (worn)
 w - an orb of energy
   (You found it on level 3 of the Dungeon)
 Q - a +2 pair of gloves (worn)
   (You found it on level 6 of the Dungeon)
Magical Staves
 o - a staff of fire (weapon) {!astaff}
   (You took it off a goblin on level 2 of the Dungeon)
Jewellery
 q - a +6 ring of intelligence (left hand)
   (You found it on level 2 of the Dungeon)
 y - a ring of magical power
   (You found it on level 3 of the Dungeon)
 G - a ring of resist corrosion (right hand)
   (You found it on level 5 of the Dungeon)
 H - an amulet of magic regeneration {@e2}
   (You found it on level 5 of the Dungeon)
 K - an amulet of the acrobat
   (You found it on level 5 of the Dungeon)
 X - an amulet of regeneration (around neck) {@e2}
   (You took it off a gnoll sergeant on level 7 of the Dungeon)
Wands
 r - a wand of mindburst (1)
   (You took it off Ijyb on level 5 of the Dungeon)
 P - a wand of iceblast (8)
   (You found it on level 6 of the Dungeon)
 U - a wand of flame (16)
   (You found it on level 7 of the Dungeon)
Scrolls
 g - a scroll of noise {!r}
 h - 2 scrolls of teleportation {@r4}
 i - a scroll of fog
 n - 3 scrolls of amnesia
 t - 2 scrolls of summoning
 u - 2 scrolls of fear
 v - 2 scrolls of enchant armour
 A - 2 scrolls of immolation {!r!r}
 S - a scroll of magic mapping {!r}
 V - a scroll of enchant weapon {unknown}
Potions
 s - 7 potions of lignification {!q}
 x - a potion of brilliance
 D - a potion of haste {@q3}
 F - a potion of might {unknown}
 L - a potion of curing {@q1}
 N - a potion of degeneration {unknown}
 W - a potion of cancellation {unknown}
 Y - 2 potions of attraction {!q}

Dungeon Overview and Level Annotations

Branches:
Dungeon (8/15)             Temple (0/1) D:4            Lair (0/6) D:8

Altars:
Hepliaklqana
Makhleb
Xom
Zin
The Shining One

Shops:
D:7 *

Annotations:
D:7 exclusions: 5 electric eels and 2 more exclusions

#.###..###.###.## ##.# #.#
##......# #.# ##.###.## #.###
..<....####.# ##...## #...#
##..........######### #.#.#
##.##########.# ### ######.#
#.# ####.####8###_####.# ##)##
#....##8...8...8##.#
##...######.##.##u........##.#
...#........##.#@y........_#.#
.....######.#####†........####
....... #....##8...8...8###
..#.##. ###..####8###_###
....# . #### ########## ####.
# #.# #.# # #.#####.# ≈≈...#
######.#...#.# ≈ ≈≈..
#.......###..######


You could see a cyan ugly thing (combustible) and a killer bee.


Message History

There is a stone staircase leading up here. 😱 HP[+1]
You fly upwards.
Level annotation: exclusions: 5 electric eels and 2 more exclusions
Found a shimmering altar of Xom and a burning altar of Makhleb.
There is a stone staircase leading down here. 😱 HP[+2]
You regained 2 hp, and now have 5/54 hp.
You start resting. 😎 HP[+49]
Your hp is fully restored (54).
Found a glowing silver altar of Zin.
Done exploring.
Done exploring.
Done exploring.
Done exploring.
There is a stone staircase leading down here.
You fly downwards.
The killer bee is no longer more vulnerable to fire.
The killer bee stings you. x2
There is a stone staircase leading up here. 😕 HP[-3]
You take 3 damage, and now have 51/54 hp.
The killer bee stings you! The killer bee stings you.
The killer bee stings you but does no damage.
The killer bee closely misses you.
The killer bee stings you but does no damage.
You fly upwards.
Level annotation: exclusions: 5 electric eels and 2 more exclusions
There is a stone staircase leading down here. 😕 HP[-7]
You take 7 damage, and now have 44/54 hp.
Casting: Scorch (safe; 1% risk of failure)
Confirm with . or Enter, or press ? or * to list all spells.
You feel a surge of power!
Flames lash the killer bee.
The killer bee's fire resistance burns away.
The killer bee stings you.
The killer bee stings you but does no damage.
The killer bee stings you. x2 😮 HP[-12]
You take 12 damage, and now have 32/54 hp.
MASSIVE DAMAGE!! (PAUSE)
Casting: Scorch (safe; 1% risk of failure)
Confirm with . or Enter, or press ? or * to list all spells.
You feel a surge of power!
Flames lash the killer bee.
The killer bee is burned terribly!
You kill the killer bee!
The killer bee closely misses you. The killer bee stings you.
* * * LOW HITPOINT WARNING * * *
😨 HP[-5]
You take 5 damage, and now have 27/54 hp.
Casting: Scorch (safe; 1% risk of failure)
Confirm with . or Enter, or press ? or * to list all spells.
You feel a surge of power!
Flames lash the killer bee.
You kill the killer bee!
* * * LOW HITPOINT WARNING * * *
😨 HP[-1]
You take 1 damage, and now have 26/54 hp.
Casting: Scorch (safe; 1% risk of failure)
Confirm with . or Enter, or press ? or * to list all spells.
You can't see any susceptible monsters within range! (Use Z to cast anyway.)
You start resting. 😎 HP[+28]
Your hp is fully restored (54).
You fly downwards.
The killer bee stings you. The killer bee closely misses you.
The killer bee barely misses you. The killer bee closely misses you.
There is a stone staircase leading up here. 😕 HP[-1]
You take 1 damage, and now have 53/54 hp.
The killer bee stings you but does no damage.
The killer bee stings you. The cyan ugly thing trunk-slaps you!
The cyan ugly thing shocks you!
* * * LOW HITPOINT WARNING * * *
The killer bee stings you.
* * * LOW HITPOINT WARNING * * *
The killer bee misses you.
The kobold brigand throws a curare-tipped dart.
The curare-tipped dart hits you.
You fly upwards.
Level annotation: exclusions: 5 electric eels and 2 more exclusions
There is a stone staircase leading down here. 😨 HP[-33]
You take 33 damage, and now have 20/54 hp.
MASSIVE DAMAGE!! (PAUSE)
Casting: Scorch (safe; 1% risk of failure)
Confirm with . or Enter, or press ? or * to list all spells.
Casting: Flame Wave (dangerous; 1% risk of failure)
Press: ? - help, Dir - look around, f - activate You feel a surge of power!
A wave of flame ripples out!
The flame wave engulfs the killer bee!
The flame wave engulfs the cyan ugly thing!!
The cyan ugly thing is burned terribly!
The flame wave engulfs the killer bee!!
You kill the killer bee! (Press . to intensify the flame waves.)
* * * LOW HITPOINT WARNING * * *
The killer bee barely misses you. The cyan ugly thing trunk-slaps you!
* * * LOW HITPOINT WARNING * * *
The cyan ugly thing shocks you!
You die...

Skill      XL: |  1  2  3  4  5  6  7  8  9 |
---------------+----------------------------+-----
Spellcasting   | 3 4 5 6 8 10 | 10.7
Dodging        | |  2.1
Stealth        | |  1.5

Action                   |  1- 3 |  4- 6 |  7- 9 | 10-12 || total
-------------------------+-------+-------+-------+-------++-------
Melee: Staff             |       |     4 |     2 |       ||     6
 Cast: Foxfire           |    96 |   111 |   270 |     7 ||   484
       Scorch            |       |       |    75 |    20 ||    95
       Flame Wave        |       |       |       |     1 ||     1
  Use: Potion            |     1 |       |     9 |       ||    10
       Scroll            |       |       |    13 |     1 ||    14
Armor: Robe              |     2 |     3 |    15 |     7 ||    27
Dodge: Dodged            |     5 |     6 |    55 |    11 ||    77

Levels and vault maps discovered:
D:1:      dpeg_arrival_rooms_with_view, layout_rooms,
          hellmonk_ecumenical_altar_inner_sanctum, st_stairs_9,
          wad_floor_pattern_1, minmay_misc_feat_plants
D:2:      layout_basic, basic_altar, minmay_randomly_rotated_circles
D:3:      layout_basic, guppyfry_early_lair_pool
D:4:      layout_basic, minmay_temple_entry_tees
D:5:      layout_loops_ring, uniq_ijyb, uniq_prince_ribbit1
D:6:      layout_gridville, corexii_hall_statues_l, bh_walls_and_bars,
          uniq_menkaure
D:7:      kennysheep_slugbush, layout_loops_ring,
          nicolae_overflow_hidden_temple, grunt_decor_resistance,
          nicolae_shop_clearance
D:8:      layout_loops_ring, jmf_multi_god_temple, marbit_many_paths,
          david_lair_shrubbed, amcnicky_mini_pool_small, uniq_psyche, uniq_erica

Notes
Turn   | Place    | Note
-------+----------+-------------------------------------------
     0 | D:1      | spaghetti the Djinni Fire Elementalist began the quest for
                  | the Orb.
     0 | D:1      | Reached XP level 1. HP: 15/15 MP: 0/0
     0 | D:1      | magus.rc [v1.9.6]
   312 | D:1      | Reached XP level 2. HP: 17/21 MP: 0/0
   744 | D:1      | Reached skill level 3 in Spellcasting
  1020 | D:1      | Found a faded altar of an unknown god.
  1032 | D:1      | Prayed at the altar of an unknown god.
  1032 | D:1      | Became a worshipper of the Shining One
  1032 | D:1      | Reached * piety under the Shining One
  1405 | D:2      | Found a hazy altar of Hepliaklqana.
  1429 | D:2      | Reached XP level 3. HP: 23/25 MP: 0/0
  1429 | D:2      | Learned a level 1 spell: Pain
  1849 | D:2      | HP: 5/25 [adder (2)]
  1849 | D:2      | HP: 2/25 [frozen (3)]
  2117 | D:2      | Reached XP level 4. HP: 25/31 MP: 0/0
  2823 | D:3      | Noticed a scorpion
  3040 | D:3      | Reached skill level 4 in Spellcasting
  3040 | D:3      | Reached XP level 5. HP: 30/35 MP: 0/0
  3040 | D:3      | Learned a level 2 spell: Poisonous Vapours
  3172 | D:3      | Reached XP level 6. HP: 35/40 MP: 0/0
  3178 | D:3      | Got the Collected Works on the Mountains and Ice
  3790 | D:4      | Reached skill level 5 in Spellcasting
  3905 | D:4      | Reached ** piety under the Shining One
  3907 | D:4      | Reached XP level 7. HP: 30/45 MP: 0/0
  3907 | D:4      | Learned a level 3 spell: Dazzling Flash
  4340 | D:4      | Found a staircase to the Ecumenical Temple.
  4404 | D:4      | Reached skill level 6 in Spellcasting
  5018 | D:5      | Entered Level 5 of the Dungeon
  5189 | D:5      | HP: 9/45 [wight/+3 short sword (11)]
  5204 | D:5      | HP: 2/45 [wight/+1 falchion (11)]
  5209 | D:5      | Gained mutation: Your flesh is almost immune to the effects
                  | of heat. (rF+++) [potion of mutation]
  5209 | D:5      | Gained mutation: You are frail. (-10% HP) [potion of
                  | mutation]
  5292 | D:5      | Reached XP level 8. HP: 42/45 MP: 0/0
  5474 | D:5      | Reached skill level 7 in Spellcasting
  5793 | D:5      | Noticed Ijyb
  5805 | D:5      | HP: 11/45 [disintegration (14)]
  5811 | D:5      | HP: 9/45 [disintegration (10)]
  5812 | D:5      | Killed Ijyb
  5881 | D:5      | HP: 10/45 [ufetubus (2)]
  6332 | D:5      | Noticed Prince Ribbit
  6335 | D:5      | Killed Prince Ribbit
  6336 | D:5      | Reached skill level 8 in Spellcasting
  6471 | D:5      | Reached *** piety under the Shining One
  6898 | D:6      | Reached XP level 9. HP: 43/49 MP: 0/0
  6898 | D:6      | Learned a level 4 spell: Hailstorm
  7229 | D:6      | Reached skill level 9 in Spellcasting
  7570 | D:6      | Noticed Menkaure
  7574 | D:6      | Killed Menkaure
  9378 | D:7      | Found Zoluonep's CLEARANCE SALE!.
  9461 | D:7      | Reached skill level 10 in Spellcasting
 10095 | D:8      | Noticed a komodo dragon
 10097 | D:8      | Found a staircase to the Lair.
 10112 | D:8      | Killed a komodo dragon
 10113 | D:8      | Reached XP level 10. HP: 18/54 MP: 0/0
 10220 | D:8      | HP: 12/54 [gnoll/+0 flail (2)]
 10293 | D:8      | Noticed a cyan ugly thing
 10303 | D:8      | HP: 13/54 [cyan ugly thing (7)]
 10303 | D:8      | HP: 1/54 [cyan ugly thing (12)]
 10303 | D:8      | The Shining One protects you from harm!
 10307 | D:7      | Found a shimmering altar of Xom.
 10307 | D:7      | Found a burning altar of Makhleb.
 10360 | D:7      | Found a glowing silver altar of Zin.
 10412 | D:7      | HP: 4/54 [cyan ugly thing (13)]
 10412 | D:7      | Mangled by a cyan ugly thing

Vanquished Creatures
  A komodo dragon (D:8)
  Prince Ribbit (D:5)
  Menkaure (D:6)
  A black bear (D:6)
  An ice beast (D:5)
  3 sky beasts
  2 phantoms
  2 kobold brigands
  A bullfrog (D:8)
  A gnoll sergeant (D:7)
  3 necrophages (D:6)
  A scorpion (D:3)
  3 wights (D:5)
  3 killer bees (D:7)
  An electric eel (D:7)
  A howler monkey (D:6)
  2 jellies
  2 hounds (D:5)
  5 orc priests
  3 gnoll shamans
  Ijyb (D:5)
  An iguana (D:5)
  7 orc wizards
  15 gnolls
  13 adders
  A shadow imp (D:6)
  A white imp (D:5)
  An ufetubus (D:5)
  11 dart slugs
  39 orcs
  8 ball pythons
  8 endoplasms
  3 giant cockroaches (D:2)
  4 goblins
  6 hobgoblins
  5 jackals (D:4)
  4 quokkas
  9 bats
  5 frilled lizards
  11 kobolds
  7 rats
198 creatures vanquished.

Vanquished Creatures (others)
  798 foxfires
  27 plants
825 creatures vanquished.

Grand Total: 1023 creatures vanquished

Table legend:
 A = Non-vault XP
 B = Vault XP
 C = Vault XP percentage of total XP
 D = Non-vault monster count
 E = Vault monster count
 F = Vault count percentage of total count
                 A         B        C        D         E       F
            +---------+---------+-------+---------+---------+-------
      Total |    3505 |     922 |  20.8 |     176 |      22 |  11.1
            +---------+---------+-------+---------+---------+-------
        D:1 |      22 |       6 |  21.4 |      15 |       4 |  21.1
        D:2 |      47 |      21 |  30.9 |      21 |       6 |  22.2
        D:3 |     205 |       0 |   0.0 |      18 |       0 |   0.0
        D:4 |     371 |       0 |   0.0 |      30 |       0 |   0.0
        D:5 |     937 |     313 |  25.0 |      36 |       2 |   5.3
        D:6 |     838 |     172 |  17.0 |      21 |       1 |   4.5
        D:7 |     879 |      32 |   3.5 |      28 |       8 |  22.2
        D:8 |     206 |     378 |  64.7 |       7 |       1 |  12.5
            +---------+---------+-------+---------+---------+-------

Illustrated notes

Table legend:
 A = Kills in this place as a percentage of kills in entire the game.
 B = Kills by you in this place as a percentage of kills by you in the entire game.
 C = Kills by friends in this place as a percentage of kills by friends in the entire game.
 D = Other kills in this place as a percentage of other kills in the entire game.
 E = Experience gained in this place as a percentage of experience gained in the entire game.
 F = Experience gained in this place divided by the number of levels of this place that you have seen.
                   A       B       C       D       E      F
               +-------+-------+-------+-------+-------+----------------------
         Total | 100.0 | 100.0 |   N/A |   N/A | 100.0 | 553.4
       Dungeon | 100.0 | 100.0 |   N/A |   N/A | 100.0 | 553.4
               +-------+-------+-------+-------+-------+----------------------

Table legend: (Time is in decaauts)
 A = Elapsed time spent in this place.
 B = Non-inter-level travel time spent in this place.
 C = Inter-level travel time spent in this place.
 D = Time resting spent in this place.
 E = Time spent auto-exploring this place.
 F = Levels seen in this place.
 G = Mean time per level.
                   A        B        C        D        E       F      G
               +--------+--------+--------+--------+--------+-----+--------+
         Total |  10416 |  10170 |    246 |   2250 |   6707 |   8 | 1302.0 |
       Dungeon |  10416 |  10170 |    246 |   2250 |   6707 |   8 | 1302.0 |
               +--------+--------+--------+--------+--------+-----+--------+

Top non-repeatable levels by time:
     D:7: 1797 daAuts
     D:5: 1586 daAuts
     D:6: 1569 daAuts
     D:2: 1528 daAuts
     D:4: 1449 daAuts
     D:1: 1355 daAuts
     D:3: 899 daAuts
     D:8: 230 daAuts
